 Dungeon Crawl Stone Soup version 0.21-a0-630-g344d351 (webtiles) character file.

10187 KristoblXynda the Infuser (level 11, -1/49 HPs)
             Began as a Spriggan Skald on Dec 25, 2017.
             Was an Elder of Nemelex Xobeh.
             Killed from afar by a hell hound (28 damage)
             ... with a blast of flame
             ... on level 10 of the Dungeon.
             The game lasted 00:33:12 (16140 turns).

KristoblXynda the Infuser (Spriggan Skald)         Turns: 16140, Time: 00:33:12

Health: -1/49      AC:  5    Str:  8    XL:     11   Next: 32%
Magic:  26/26      EV: 25    Int: 16    God:    Nemelex Xobeh [****..]
Gold:   220        SH:  0    Dex: 17    Spells: 24/30 levels left

rFire    . . .     SeeInvis +   j - +5 dagger (venom)
rCold    + . .     Gourm    .   (shield restricted)
rNeg     . . .     Faith    .   z - +0 steam dragon scales
rPois    .         Spirit   .   (helmet restricted)
rElec    .         Reflect  .   (no cloak)
rCorr    .         Harm     .   (gloves unavailable)
MR       +....                  (boots unavailable)
Stlth    +++++.....             s - amulet of magic regeneration
HPRegen  0.16/turn              C - ring of flight
MPRegen  0.45/turn              A - ring of protection from cold

@: very quick
A: very small, unfitting armour, see invisible, herbivore, speed 3, slow
metabolism 2
a: Triple Draw, Deal Four, Renounce Religion, Evoke Flight


You were on level 10 of the Dungeon.
You worshipped Nemelex Xobeh.
Nemelex Xobeh was greatly pleased with you.
You were not hungry.

You visited 2 branches of the dungeon, and saw 11 of its levels.
You also visited: Ossuary.

You collected 476 gold pieces.
You spent 256 gold pieces at shops.

Inventory:

Hand Weapons
 e - a +4 dagger of freezing
 j - a +5 dagger of venom (weapon)
Armour
 h - a +1 robe of cold resistance
 z - +0 steam dragon scales (worn)
 E - a +0 troll leather armour
Jewellery
 r - a +2 ring of intelligence
 s - an amulet of magic regeneration (around neck)
 A - a ring of protection from cold (right hand)
 C - a ring of flight (left hand)
Wands
 x - a wand of digging (16)
Scrolls
 g - 4 scrolls of teleportation
 i - 4 scrolls of remove curse
 k - 4 scrolls of amnesia
 n - 4 scrolls of magic mapping
 q - 2 scrolls of enchant armour
 y - a scroll of fear
 B - a scroll of fog
Potions
 a - 3 potions of heal wounds
 f - 3 potions of ambrosia
 m - 3 potions of brilliance
 o - a potion of might
 p - 2 potions of flight
 t - 2 potions of curing
 u - 2 potions of degeneration {unknown}
Books
 c - a book of Battle

   Spells                             Type                      Level
   a - Infusion                       Charms                       1
   b - Shroud of Golubria             Charms/Translocation         2
   c - Song of Slaying                Charms                       2
   d - Spectral Weapon                Hexes/Charms                 3
   e - Regeneration                   Charms/Necromancy            3
 l - a book of Necromancy

   Spells                             Type                      Level
   a - Pain                           Necromancy                   1
   b - Animate Skeleton               Necromancy                   1
   c - Vampiric Draining              Necromancy                   3
   d - Regeneration                   Charms/Necromancy            3
   e - Animate Dead                   Necromancy                   4
   f - Borgnjor's Vile Clutch         Necromancy/Earth             5
 D - a book of Enchantments

   Spells                             Type                      Level
   a - Cause Fear                     Hexes                        4
   b - Yara's Violent Unravelling     Hexes/Transmutation          5
   c - Silence                        Hexes/Air                    5
   d - Deflect Missiles               Charms/Air                   6
   e - Discord                        Hexes                        8
Miscellaneous
 b - a plain deck of summoning {drawn: 4}
 v - a plain deck of summoning
 w - a legendary deck of destruction {drawn: 3}
Comestibles
 d - 15 rations


   Skills:
 - Level 1.5 Fighting
 + Level 9.0 Short Blades
 + Level 2.6 Armour
 + Level 9.5 Dodging
 - Level 10.0 Stealth
 - Level 10.0 Spellcasting
 - Level 10.0 Charms
 + Level 7.7 Invocations


You had 24 spell levels left.
You knew the following spells:

 Your Spells              Type           Power        Failure   Level  Hunger
b - Regeneration          Chrm/Necr      ###.......   3%          3    None
c - Spectral Weapon       Hex/Chrm       ###.....     3%          3    None


Dungeon Overview and Level Annotations

Branches:
Dungeon (10/15)            Temple (1/1) D:4            Lair (0/6) D:10
    Orc: D:9-12

Altars:
Ashenzari
Cheibriados
Dithmenos
Elyvilon
Fedhas
Gozag
Hepliaklqana
Kikubaaqudgha
Makhleb
Nemelex Xobeh
Okawaru
Qazlal
Ru
Sif Muna
Trog
Uskayaw
Vehumet
Wu Jian
Xom
Yredelemnul
Zin
The Shining One

Shops:
D:5 *   D:7 %

Annotations:
D:10 Gastronok, Maurice


Innate Abilities, Weirdness & Mutations

You are very small and have problems with some larger weapons.
You are too small for most types of armour.
You have supernaturally acute eyesight. (SInv)
You are a herbivore.
You cover ground extremely quickly.
You need consume almost no food.


Message History

You hit the hell hound.
The hell hound is lightly wounded.
The hell hound bites you.
You barely miss the hell hound.
The hell hound is lightly wounded.
The hell hound completely misses you.
An orc comes into view. It is wielding a club.
You see here a ration.
d - 15 rations (gained 1)
A soldier ant comes into view.
The hell hound barks!
The soldier ant twitches its antennae in your direction.
You hear a shout! x2
The soldier ant waves its antennae.
You see here a ring of flight.
The hell hound breathes flames at you. The blast of flame hits you!
Ouch! That really hurt!
You die...
Your body glows with a rainbow of weird colours and disappears.

..###..........##........# #.#.#
...##.............###.#######.#aa
...####.....<.##### #)# #.......
.....####.....#######.####.a....#
.......##...........#.........###
#...........................)....
#.#....##........................
#.#.#..##.....>..................
#...#..#........@...............>
##..#..............h.a.w.........
#.....#.........................
##.##.#.........................
#(##.......................o.(.
#.###.............>......###...
##.###.†............=...........
#....#......a......#..###### ..
#.................###..## #..


You could see Gastronok (wandering), a soldier ant, a hell hound and a worker
ant (wandering).

Vanquished Creatures
  3 two-headed ogres
  A queen ant (D:10)
  The ghost of Syneil the Destroyer, a journeyman DEFE of Vehumet (D:9)
  Prince Ribbit (D:7)
  3 slime creatures (D:9)
  A hippogriff (D:7)
  Eustachio (D:4)
  3 yaks (D:9)
  A basilisk (D:8)
  A steam dragon (D:8)
  4 soldier ants (D:10)
  Menkaure (D:5)
  Duvessa (D:4)
  5 orc warriors
  A black bear (D:10)
  A hornet zombie (D:9)
  An eye of draining (D:6)
  4 centaurs
  2 phantoms
  A necrophage (D:9)
  5 ogres
  2 bullfrogs
  A big kobold (D:8)
  Dowan (D:4)
  A scorpion (D:8)
  A wyvern skeleton (D:9)
  3 bullfrog zombies
  2 howler monkeys
  2 crimson imps
  5 centaur zombies (Ossuary)
  3 hounds
  3 jellies (D:8)
  7 orc wizards
  7 orc priests
  A bullfrog skeleton (D:10)
  2 iguanas
  16 worker ants
  Ijyb (D:5)
  2 killer bee zombies (Ossuary)
  2 hound zombies
  3 howler monkey zombies
  7 mummies (Ossuary)
  6 worker ant zombies (Ossuary)
  Robin (D:4)
  3 gnolls (D:5)
  9 adders
  2 shadow imps
  8 oozes
  An adder skeleton (D:4)
  An adder zombie (Ossuary)
  5 worms
  2 dart slugs (D:1)
  2 leopard geckos
  39 orcs
  5 giant cockroaches
  11 hobgoblins
  16 jackals
  3 quokkas
  2 ball pythons
  7 bats
  6 frilled lizards
  16 goblins
  A jackal skeleton (D:6)
  2 jackal zombies (Ossuary)
  19 kobolds
  2 leopard gecko zombies (Ossuary)
  2 quokka zombies (Ossuary)
  12 rats
297 creatures vanquished.

Vanquished Creatures (collateral kills)
  A two-headed ogre (D:8)
  A troll (D:10)
  A vampire (D:9)
  4 mummies (Ossuary)
7 creatures vanquished.

Vanquished Creatures (others)
  A worker ant (D:10)
  3 spectral weapons
  3 withered plants (Ossuary)
7 creatures vanquished.

Grand Total: 311 creatures vanquished

Notes
Turn   | Place    | Note
-------+----------+-------------------------------------------
     0 | D:1      | KristoblXynda the Spriggan Skald began the quest for the Orb.
     0 | D:1      | Reached XP level 1. HP: 10/10 MP: 5/5
   165 | D:1      | Reached XP level 2. HP: 14/14 MP: 6/6
   982 | D:2      | Reached XP level 3. HP: 18/18 MP: 8/8
   988 | D:2      | Learned a level 3 spell: Regeneration
   992 | D:2      | Learned a level 3 spell: Spectral Weapon
  1116 | D:2      | Found a snail-covered altar of Cheibriados.
  1195 | D:2      | Reached skill level 5 in Charms
  1317 | D:2      | Found a burning altar of Makhleb.
  1333 | D:2      | Reached skill level 1 in Stealth
  1333 | D:2      | Reached XP level 4. HP: 3/22 MP: 8/10
  2414 | D:3      | Reached XP level 5. HP: 22/25 MP: 11/11
  2423 | D:3      | Found a white marble altar of Elyvilon.
  2947 | D:3      | Found a radiant altar of Vehumet.
  3226 | D:4      | Noticed Robin
  3278 | D:4      | Killed Robin
  3549 | D:4      | Noticed a phantom
  3598 | D:4      | Killed a phantom
  3598 | D:4      | Reached XP level 6. HP: 9/30 MP: 9/13
  3850 | D:4      | Noticed Eustachio
  3864 | D:4      | Killed Eustachio
  3876 | D:4      | Reached skill level 5 in Spellcasting
  4252 | D:4      | Noticed Dowan
  4254 | D:4      | Noticed Duvessa
  4304 | D:4      | Killed Duvessa
  4304 | D:4      | Reached skill level 5 in Stealth
  4304 | D:4      | Reached XP level 7. HP: 14/33 MP: 15/15
  4670 | D:4      | Found a staircase to the Ecumenical Temple.
  4676 | Temple   | Entered the Ecumenical Temple
  4782 | Temple   | Became a worshipper of Nemelex Xobeh the Trickster
  4833 | D:4      | Killed Dowan
  4962 | D:4      | Received a gift from Nemelex Xobeh
  5076 | D:4      | Reached skill level 5 in Short Blades
  5204 | D:4      | Found a bloodstained altar of Trog.
  5204 | D:4      | Found a sacrificial altar of Ru.
  5464 | D:5      | Entered Level 5 of the Dungeon
  5858 | D:5      | Reached XP level 8. HP: 26/37 MP: 18/18
  5859 | D:5      | Noticed Menkaure
  5873 | D:5      | Killed Menkaure
  5873 | D:5      | Reached skill level 1 in Invocations
  5879 | D:5      | Found a sand-covered staircase.
  5889 | Ossuary  | Entered an ossuary
  5892 | Ossuary  | Reached * piety under Nemelex Xobeh
  7492 | D:5      | Noticed Ijyb
  7497 | D:5      | Killed Ijyb
  7601 | D:5      | Found Ruvvin's Assorted Antiques.
  7609 | D:5      | Bought a scroll labeled DEPRUE LUDO for 26 gold pieces
  7609 | D:5      | Bought a granite ring for 130 gold pieces
  8737 | D:6      | Received a gift from Nemelex Xobeh
  8776 | D:6      | Found a shimmering altar of Xom.
  8799 | D:6      | Noticed a hand axe
  8800 | D:6      | Noticed a hand axe
  8806 | D:6      | Found a hide-covered altar of Uskayaw.
  9038 | D:6      | Reached XP level 9. HP: 41/41 MP: 21/21
  9549 | D:7      | Noticed Prince Ribbit
  9556 | D:7      | Killed Prince Ribbit
  9556 | D:7      | Reached skill level 10 in Charms
  9838 | D:7      | HP: 2/41 [orc warrior/glaive (14)]
 10331 | D:7      | Reached ** piety under Nemelex Xobeh
 10648 | D:7      | Found Miett's Food Shoppe.
 10653 | D:7      | Bought a ration for 50 gold pieces
 10653 | D:7      | Bought a ration for 50 gold pieces
 11041 | D:7      | Reached skill level 10 in Stealth
 11589 | D:8      | Noticed a two-headed ogre
 11598 | D:8      | Killed a two-headed ogre
 11598 | D:8      | Reached skill level 5 in Dodging
 11598 | D:8      | Reached skill level 5 in Invocations
 11970 | D:8      | Found a blossoming altar of Fedhas.
 11973 | D:8      | Found a shadowy altar of Dithmenos.
 11975 | D:8      | Found a deep blue altar of Sif Muna.
 12104 | D:8      | Reached XP level 10. HP: 45/46 MP: 24/24
 12343 | D:8      | Noticed a two-headed ogre
 12369 | D:8      | Killed a two-headed ogre
 12649 | D:8      | Reached *** piety under Nemelex Xobeh
 12875 | D:8      | Received a gift from Nemelex Xobeh
 13111 | D:9      | Noticed Syneil's ghost (journeyman DEFE)
 13128 | D:9      | Killed Syneil's ghost
 13891 | D:9      | Received a gift from Nemelex Xobeh
 13923 | D:9      | Reached skill level 10 in Spellcasting
 14461 | D:9      | Found a glowing golden altar of the Shining One.
 14487 | D:9      | Reached skill level 1 in Armour
 14625 | D:9      | Noticed a two-headed ogre
 14660 | D:9      | Killed a two-headed ogre
 14969 | D:10     | Entered Level 10 of the Dungeon
 14969 | D:10     | Noticed Maurice
 15042 | D:10     | Reached **** piety under Nemelex Xobeh
 15176 | D:10     | Found a staircase to the Lair.
 15191 | D:10     | Reached XP level 11. HP: 49/49 MP: 26/26
 15242 | D:10     | Noticed Gastronok
 15242 | D:10     | Noticed a two-headed ogre
 15270 | D:10     | Noticed a two-headed ogre
 15307 | D:10     | Killed a two-headed ogre
 15890 | D:10     | Noticed a queen ant
 15938 | D:10     | Killed a queen ant
 16078 | D:10     | a two-headed ogre changed into a cyclops
 16140 | D:10     | Killed from afar by a hell hound

Vault maps used:
D:1:      dpeg_arrival_brainrot
D:2:      minmay_diamond_boxcup, nicolae_overflow_crystal_walls,
          makhleb_heckhound_becter
D:3:      old_standard_altar, vehumet_crystals, first_ration,
          kennysheep_generic_room_10
D:4:      gammafunk_temple_overflow_wave, minmay_temple_entry_hall,
          uniq_duvessa, uniq_eustachio, uniq_robin
D:5:      serial_shops, shop, lightli_ossuary_entry_decrepit_ruins,
          kennysheep_nondescript, uniq_ijyb, uniq_menkaure
D:6:      dancing_weapons_uskayaw, old_standard_altar
D:7:      serial_shops, shop, uniq_prince_ribbit1
D:8:      minitemple, hangedman_little_slice_of_home, minmay_radiant
D:9:      nicolae_tso_carved_into_rock
D:10:     minmay_lair_entry_lava, minmay_another_anthill, uniq_maurice,
          uniq_gastronok
Temple:   zaba_magenta_temple
Ossuary:  ossuary_zaba_flooded

Skill      XL: |  1  2  3  4  5  6  7  8  9 10 11 |
---------------+----------------------------------+-----
Spellcasting   | 3 4 5 6 7 9 10 | 10.0
Dodging        | 4 5 8 9 |  9.5
Charms         | 5 6 7 9 10 | 10.0
Short Blades   | 3 4 5 6 8 9 |  9.0
Stealth        | 1 2 4 5 6 8 10 | 10.0
Invocations    | 3 5 7 |  7.7
Armour         | 1 2 |  2.6
Fighting       | |  1.5

Action                   |  1- 3 |  4- 6 |  7- 9 | 10-12 || total
-------------------------+-------+-------+-------+-------++-------
Melee: Short sword       |    32 |       |       |       ||    32
       Dagger            |    72 |   229 |   612 |   369 ||  1282
 Cast: Regeneration      |       |     3 |     1 |     5 ||     9
       Spectral Weapon   |       |     3 |     6 |     3 ||    12
Evoke: Wand              |       |       |     5 |       ||     5
       Deck              |       |       |     3 |     8 ||    11
  Use: Potion            |       |     1 |     3 |     1 ||     5
       Scroll            |       |     3 |    16 |     2 ||    21
 Stab: Sleeping          |       |     9 |    17 |     8 ||    34
       Distracted        |       |     1 |     7 |     2 ||    10
  Eat: Ration            |       |     1 |     5 |     2 ||     8
Armor: Robe              |     5 |    11 |    30 |       ||    46
       Steam dragon scal |       |       |       |    20 ||    20
Dodge: Dodged            |    76 |   162 |   325 |   215 ||   778

Table legend:
 A = Spawn XP
 B = Non-spawn XP
 C = Spawn XP percentage of total XP
 D = Spawn monster count
 E = Non-spawn monster count
 F = Spawn count percentage of total count
 G = Total turns spent on level
                    A         B        C        D         E        F      G
               +---------+---------+-------+---------+---------+-------+---------
         Total |       0 |   14553 |   0.0 |       0 |     305 |   0.0 | 16140
               +---------+---------+-------+---------+---------+-------+---------
           D:1 |       0 |      36 |   0.0 |       0 |      20 |   0.0 |   965
           D:2 |       0 |     119 |   0.0 |       0 |      36 |   0.0 |  1243
           D:3 |       0 |     129 |   0.0 |       0 |      31 |   0.0 |   914
           D:4 |       0 |     880 |   0.0 |       0 |      33 |   0.0 |  2220
           D:5 |       0 |     657 |   0.0 |       0 |      26 |   0.0 |  1571
           D:6 |       0 |     358 |   0.0 |       0 |      14 |   0.0 |  1007
           D:7 |       0 |    1447 |   0.0 |       0 |      25 |   0.0 |  1833
           D:8 |       0 |    2713 |   0.0 |       0 |      34 |   0.0 |  1868
           D:9 |       0 |    3756 |   0.0 |       0 |      17 |   0.0 |  1950
          D:10 |       0 |    3747 |   0.0 |       0 |      35 |   0.0 |  1089
       Ossuary |       0 |     711 |   0.0 |       0 |      34 |   0.0 |  1358
               +---------+---------+-------+---------+---------+-------+---------
